 Dungeon Crawl Stone Soup version 0.15-a0-1485-g692b94f (webtiles) character file.

4991 Psiweapon the Cruncher (level 10, -14/56 HPs)
             Began as a Gargoyle Gladiator on June 14, 2014.
             Was a Plaything of Xom.
             Demolished by a komodo dragon (16 damage)
             ... on Level 1 of the Lair of Beasts.
             The game lasted 00:54:38 (9498 turns).

Psiweapon the Cruncher (Gargoyle Gladiator)         Turns: 9498, Time: 00:54:48

HP -14/56        AC 27     Str 24      XL: 10   Next: 54%
MP  10/10        EV 10     Int 10      God: Xom
Gold 284         SH  0     Dex  6      Spells:  1 memorised,  6 levels left

rFire  . . .     SeeInvis .     P - +5,+1 scythe (protect)
rCold  . . .     Clarity  .     o - +0 ring mail
rNeg   + . .     rCorr    .     (no shield)
rPois  +         rRot     +     c - +0 helmet
rElec  +         Spirit   .     W - +1 cloak "Trusted Companion" {Str+5 Dex-4}
SustAb .         Warding  .     (no gloves)
rMut   .         Stasis   .     v - +0 pair of boots (curse)
Gourm  .                        (no amulet)
MR     .....                    V - +3 ring of protection
                                z - ring of flight

@: not resistant to hostile enchantments, very unstealthy
A: clumsy 1, life protection 1, electricity resistance, unbreathing,
petrification resistance, rot immunity, forlorn, AC +7
a: Renounce Religion, Evoke Flight


You were on level 1 of the Lair of Beasts.
You worshipped Xom.
You were a special plaything of Xom.
You were hungry.

You visited 3 branches of the dungeon, and saw 10 of its levels.

You collected 418 gold pieces.
You spent 134 gold pieces at shops.

Inventory:

Hand weapons
 q - the +9,+6 cutlass of Imbalance {venom, MR+ SInv}
   (You found it on level 1 of the Lair of Beasts)

   It poisons the flesh of those it strikes.
   It affects your resistance to hostile enchantments.
   It enhances your eyesight.
 r - a +0,+0 lajatang
 L - a +1,+0 whip of electrocution
 P - a +5,+1 scythe of protection (weapon)
Missiles
 d - a throwing net (quivered)
 y - 7 poisoned javelins
Armour
 c - a +0 helmet (worn)
 o - a +0 ring mail (worn)
 v - a cursed +0 pair of boots (worn)
 W - the cursed +1 cloak "Trusted Companion" (worn) {Str+5 Dex-4}
   (You found it on level 6 of the Dungeon)

   It affects your strength (+5).
   It affects your dexterity (-4).
   It has a curse placed upon it.
Magical devices
 b - a wand of magic darts (10)
 g - a wand of lightning (4)
 w - a wand of frost (11)
 H - a wand of hasting (0)
 R - a wand of fire (2)
 T - a wand of draining (5)
 X - a wand of enslavement (16)
Comestibles
 f - 8 bread rations
 h - 2 chunks of quokka flesh
 k - 7 meat rations
 F - 2 royal jellies
 Y - 4 fruits
Scrolls
 a - 2 scrolls of fog {unknown}
 i - a scroll of acquirement {unknown}
 j - a scroll of vulnerability {unknown}
 l - a scroll of identify
 n - a scroll of summoning {unknown}
 p - 3 scrolls of random uselessness {unknown}
 t - 5 scrolls of amnesia {unknown}
 D - 2 scrolls of enchant armour {unknown}
 E - 5 scrolls of blinking
 I - a scroll of enchant weapon I {unknown}
 J - a scroll of enchant weapon III {unknown}
 K - a scroll of teleportation
 M - a scroll of silence {unknown}
 N - 3 scrolls of immolation {unknown}
 U - 4 scrolls of remove curse
 Z - a scroll of fear {unknown}
Jewellery
 e - an uncursed ring of positive energy
 z - a ring of flight (left hand)
 V - a +3 ring of protection (right hand)
Potions
 m - 4 potions of brilliance {unknown}
 s - 2 potions of magic
 A - 4 potions of heal wounds {unknown}
 B - a potion of degeneration {unknown}
 C - 2 potions of beneficial mutation {unknown}
 G - a potion of agility {unknown}
 O - 2 potions of confusion {unknown}
 Q - 4 potions of curing {unknown}


   Skills:
 - Level 3.5 Fighting
 - Level 6.9(7.9) Polearms
 + Level 8.9(9.5) Staves
 - Level 2.0 Throwing
 + Level 8.9 Armour
 - Level 5.0 Dodging
 - Level 2.0 Stealth


You had 6 spell levels left.
You knew the following spells:

 Your Spells              Type           Power        Failure   Level  Hunger
a - Confuse               Hex            #.......     92%         3    ####...


Dungeon Overview and Level Annotations

Branches:
Dungeon (8/15)             Temple (1/1) D:4            Lair (1/8) D:8

Altars:
Elyvilon
Fedhas
Makhleb
Nemelex Xobeh
Sif Muna
Trog
Vehumet
Xom
Zin
The Shining One

Shops:
D:5 *   D:6 :   D:7 :

Annotations:
Lair:1 Harold


Innate Abilities, Weirdness & Mutations

You are resistant to torment.
You are immune to poison.
Your stone body is very resilient (AC +7).
You resist negative energy.
You are resistant to electric shocks.
You can survive without breathing.
You are immune to petrification.
You are immune to rotting.
You are clumsy. (Dex -2)
You have difficulty communicating with the divine.


Message History

You feel protected!
P - a +5,+1 scythe of protection (weapon)
You barely miss the komodo dragon.
The komodo dragon is lightly wounded.
The komodo dragon bites you!!
The komodo dragon completely misses you.
You barely miss the komodo dragon.
The komodo dragon is moderately wounded.
The komodo dragon bites you but does no damage.
The komodo dragon barely misses you.
You hit the komodo dragon.
The komodo dragon is moderately wounded.
The komodo dragon bites you!
You closely miss the komodo dragon.
The komodo dragon is moderately wounded.
The komodo dragon bites you!!
* * * LOW HITPOINT WARNING * * *
The komodo dragon bites you!
You die...
Xom snickers!

#..##### ######.### #.##
##..##P##.......... #..#
#.......P.# P.# #..% ##.##...P.#
###.# ### #..#
#.......#.#####.#.###.#########
..+..............................
#...............................
#...............................
#######........@...>............
#####........l................
#.............................
#<.##..!......................
#.###.........................
#.# #.........................
#.###.........................
#.#.#.........................
#.#...........................


You could see a komodo dragon.

Vanquished Creatures
  The ghost of Spirit the Basher, a powerful NaNe of Okawaru (Lair:1)
  Joseph (D:7)
  The ghost of mrokjakchuj the Poker, an experienced HEWn (D:6)
  3 yaks (Lair:1)
  Eustachio (D:8)
  The ghost of Crauler the Insei, an average DrTm (D:4)
  A hungry ghost (D:7)
  2 porcupines (Lair:1)
  A necrophage (D:8)
  3 ogres
  An ice beast (D:6)
  2 orc warriors
  A centaur (D:7)
  2 phantoms
  Sigmund (D:5)
  A brain worm (D:8)
  3 giant frogs
  A scorpion (D:4)
  A yak zombie (D:8)
  A jelly (D:8)
  4 wights (D:8)
  A crimson imp (D:5)
  An iron imp (D:8)
  2 orc priests (D:4)
  A giant frog skeleton (D:7)
  3 hounds
  A gnoll sergeant (D:7)
  4 orc wizards
  6 iguanas
  6 worker ants
  An ogre skeleton (D:4)
  A mummy (D:7)
  A worker ant zombie (D:5)
  11 adders
  16 gnolls
  A giant mite (D:4)
  An inept item mimic (D:5)
  A shadow imp (D:8)
  4 worms
  2 ufetubi (D:8)
  An adder zombie (D:7)
  An adder skeleton (D:6)
  12 giant geckos
  3 oozes
  26 orcs
  A bat skeleton (D:4)
  A bat zombie (D:5)
  17 goblins
  15 hobgoblins
  8 quokkas
  2 ball pythons
  16 bats
  4 giant cockroaches
  7 giant newts
  2 hobgoblin zombies
  15 jackals
  9 kobolds
  An orc skeleton (D:4)
  An orc zombie (D:5)
  12 rats
251 creatures vanquished.

Vanquished Creatures (collateral kills)
  A yak (Lair:1)
  A water moccasin (Lair:1)
2 creatures vanquished.

Grand Total: 253 creatures vanquished

Notes
Turn   | Place    | Note
--------------------------------------------------------------
     0 | D:1      | Psiweapon, the Gargoyle Gladiator, began the quest for the Orb.
     0 | D:1      | Reached XP level 1. HP: 12/12 MP: 1/1
   321 | D:1      | Reached XP level 2. HP: 11/17 MP: 2/2
  1231 | D:2      | Reached skill level 4 in Staves
  1254 | D:2      | Reached XP level 3. HP: 21/21 MP: 3/3
  1620 | D:2      | Found a blossoming altar of Fedhas.
  1622 | D:2      | Found a glowing golden altar of the Shining One.
  1628 | D:2      | Found a burning altar of Makhleb.
  2096 | D:2      | Reached XP level 4. HP: 26/26 MP: 4/4
  2234 | D:2      | Reached skill level 5 in Staves
  2849 | D:3      | Reached XP level 5. HP: 30/30 MP: 5/5
  2956 | D:3      | Reached skill level 6 in Staves
  3364 | D:3      | Found a deep blue altar of Sif Muna.
  3365 | D:3      | Found a bloodstained altar of Trog.
  3723 | D:4      | Reached XP level 6. HP: 32/35 MP: 6/6
  3728 | D:4      | Noticed Crauler's ghost (average DrTm)
  3826 | D:5      | Entered Level 5 of the Dungeon
  3833 | D:5      | Reached skill level 1 in Stealth
  4015 | D:5      | Found a burning altar of Makhleb.
  4390 | D:5      | Found Fythraja's Assorted Antiques.
  4394 | D:5      | Bought a scroll labeled BLICKA BIUXTA for 28 gold pieces
  4394 | D:5      | Bought a scroll labeled LEUFOH EJUBIDGH for 28 gold pieces
  4394 | D:5      | Bought a scroll labeled JUAKHU FI REEX for 28 gold pieces
  4394 | D:5      | Bought a smoky red potion for 25 gold pieces
  4394 | D:5      | Bought a fizzy green potion for 25 gold pieces
  4434 | D:5      | Noticed Sigmund
  4438 | D:5      | Killed Sigmund
  4438 | D:5      | Reached XP level 7. HP: 41/41 MP: 7/7
  4528 | D:5      | Learned a level 3 spell: Confuse
  4568 | D:5      | Reached skill level 1 in Polearms
  4767 | D:4      | Noticed a phantom
  4777 | D:4      | Killed Crauler's ghost
  4783 | D:4      | Killed a phantom
  4790 | D:4      | Noticed an orc warrior
  4800 | D:4      | Killed an orc warrior
  4800 | D:4      | Reached XP level 8. HP: 31/46 MP: 8/8
  5011 | D:4      | Found a staircase to the Ecumenical Temple.
  6005 | Temple   | Entered the Ecumenical Temple
  6014 | Temple   | Became a worshipper of Xom of Chaos
  6120 | D:6      | XOM: harmless Chrm miscast
  6124 | D:6      | Reached skill level 5 in Dodging
  6146 | D:6      | XOM: harmless Divn miscast
  6181 | D:6      | XOM: silly message
  6240 | D:6      | Reached skill level 1 in Armour
  6279 | D:6      | XOM: harmless Chrm miscast
  6377 | D:6      | Found Wiseuhen's Book Shoppe.
  6592 | D:6      | Noticed mrokjakchuj's ghost (experienced HEWn)
  6617 | D:6      | Killed mrokjakchuj's ghost
  6617 | D:6      | Reached skill level 5 in Polearms
  6617 | D:6      | Reached XP level 9. HP: 32/51 MP: 9/9
  6692 | D:6      | Got an ancient cloak
  6696 | D:6      | Identified the cursed +1 cloak "Trusted Companion" {Str+5 Dex-4} (You found it on level 6 of the Dungeon)
  6910 | D:6      | XOM: harmless Conj miscast
  6991 | D:6      | XOM: divination: detect creatures
  7058 | D:7      | Noticed Joseph
  7079 | D:7      | XOM: divination: detect items
  7082 | D:7      | XOM: potion effect (berserk rage)
  7084 | D:7      | Killed Joseph
  7084 | D:7      | Reached skill level 5 in Armour
  7440 | D:7      | Found Twoasab's Book Shop.
  7720 | D:7      | Found a sparkling altar of Nemelex Xobeh.
  7785 | D:7      | XOM: divination: detect items
  7816 | D:7      | Reached skill level 7 in Staves
  7871 | D:7      | XOM: divination: detect creatures
  7977 | D:7      | XOM: give mutations
  7977 | D:7      | Gained mutation: You are clumsy. (Dex -2) [Xom's mischief]
  7977 | D:7      | Gained mutation: Your vision is a little blurry. [Xom's mischief]
  7977 | D:7      | Gained mutation: You have difficulty communicating with the divine. [Xom's mischief]
  7977 | D:7      | Lost mutation: Your vision is a little blurry. [Xom's mischief]
  8223 | D:8      | Found a staircase to the Lair.
  8273 | D:8      | XOM: polymorph goliath beetle -> brain worm
  8276 | D:8      | XOM: stat loss: -1 Dex (5/6)
  8299 | D:8      | XOM: summons 4 hostile demons
  8339 | D:8      | Noticed Eustachio
  8346 | D:8      | Killed Eustachio
  8346 | D:8      | Reached XP level 10. HP: 46/56 MP: 10/10
  8568 | D:8      | XOM: vitrification
  8816 | Lair:1   | Entered Level 1 of the Lair of Beasts
  8822 | Lair:1   | Reached skill level 8 in Staves
  8918 | Lair:1   | XOM: summons 2 friendly demons
  8964 | Lair:1   | Noticed Spirit's ghost (powerful NaNe)
  8982 | Lair:1   | XOM: enchant monster (good)
  8987 | Lair:1   | XOM: destruction
  8992 | Lair:1   | XOM: confuse monster(s)
  9004 | Lair:1   | Killed Spirit's ghost
  9317 | Lair:1   | Noticed Harold
  9372 | Lair:1   | XOM: silly message
  9378 | Lair:1   | XOM: colour smoke trail
  9468 | Lair:1   | Got a twisted cutlass
  9469 | Lair:1   | Identified the +9,+6 cutlass of Imbalance {venom, MR+ SInv} (You found it on level 1 of the Lair of Beasts)
  9498 | Lair:1   | HP: 2/56 [komodo dragon (21)]
  9498 | Lair:1   | Demolished by a komodo dragon

Action                   |  1- 3 |  4- 6 |  7- 9 | 10-12 || total
-------------------------+-------+-------+-------+-------++-------
Melee: Quarterstaff      |   160 |   197 |       |       ||   357
       Scythe            |       |       |   416 |    97 ||   513
       Lajatang          |       |       |    16 |       ||    16
       Cutlass           |       |       |       |     1 ||     1
Throw: Javelin           |       |    17 |     9 |     3 ||    29
       Throwing net      |       |       |     1 |     1 ||     2
Evoke: Wand              |       |     1 |     8 |    15 ||    24
  Use: Scroll            |     2 |     4 |     1 |     1 ||     8
       Potion            |       |       |     3 |       ||     3
 Stab: Held in net/web   |       |       |     1 |       ||     1
       Sleeping          |       |       |     1 |       ||     1
       Paralysed         |       |       |       |     2 ||     2
